[ AOE2 MATCH · #504797531 ]
UnrankedGoths vs Wu
Player's team · LOSS
Rival team · WIN
[ REPLAY ANALYSIS · EXTRACTED FROM THE RECORDED GAME ]
Feudal
10:38
Castle
—
Imperial
—
| APM avg | 68.6 |
| APM peak | 89 |
| eAPM avg | 24.5 |
| Villagers / military | 35 / 20 |
Focus
⚔️ 58.7% · 🌾 41.3%
Archer ×10 · Militia ×5 · Skirmisher ×4 · Spearman ×1
Feudal
9:16
Castle
—
Imperial
—
| APM avg | 51.3 |
| APM peak | 78 |
| eAPM avg | 21.6 |
| Villagers / military | 34 / 22 |
Focus
⚔️ 41.0% · 🌾 59.0%
Archer ×13 · Skirmisher ×7 · Militia ×2
Match map
Initial resources + every placement click. Lines = walls · curves = elevation contours. ◆ gold · ⬟ stone · ● berries · ✦ relic · ◌ wall gap
Your base· Open — 9t gap
AOKI_Gryphon's base· ✓ Closed at 12:00 · 3t walls · 1 gate(s)
Smoothed initial terrain · ◌ = detected wall gap · hover for details
Inputs per minute
— The nicest husband - - AOKI_Gryphon
Build order — The nicest husband
80 actions detected in the replay
| 0:02 | Queue | Villager (Male) |
| 0:02 | Queue | Villager (Male) ×3 |
| 0:03 | Build | House |
| 0:04 | Build | House |
| 1:26 | Queue | Villager (Male) |
| 1:51 | Queue | Villager (Male) |
| 2:02 | Build | Lumber Camp |
| 2:30 | Queue | Villager (Male) |
| 2:30 | Queue | Villager (Male) |
| 3:12 | Queue | Villager (Male) |
| 3:31 | Queue | Villager (Male) |
| 3:31 | Queue | Villager (Male) |
| 3:56 | Build | House |
| 4:01 | Build | Palisade Wall |
| 4:24 | Queue | Villager (Male) |
| 4:35 | Build | Barracks |
| 5:00 | Queue | Villager (Male) |
| 5:22 | Build | House |
| 5:25 | Queue | Villager (Male) |
| 5:40 | Queue | Militia ×5 |
| 5:51 | Queue | Villager (Male) |
| 6:06 | Queue | Villager (Male) |
| 6:19 | Queue | Villager (Male) |
| 6:51 | Build | House |
| 7:12 | Queue | Villager (Male) |
| 7:13 | Queue | Villager (Male) |
| 7:39 | Build | Mill |
| 8:01 | Queue | Villager (Male) |
| 8:25 | Research | Loom |
| 8:25 | Research | Feudal Age |
| 8:49 | Build | Mining Camp |
| 10:22 | Queue | Villager (Male) |
| 10:38 | Age | Feudal Age |
| 10:38 | Research | Man-at-Arms (upgrade) |
| 10:40 | Queue | Villager (Male) |
| 10:42 | Build | Archery Range |
| 10:45 | Build | Archery Range |
| 10:58 | Research | Double-Bit Axe |
| 10:59 | Queue | Villager (Male) |
| 11:23 | Queue | Spearman |
| 11:28 | Queue | Skirmisher |
| 11:35 | Build | House |
| 11:47 | Queue | Archer |
| 11:47 | Queue | Archer |
| 11:55 | Research | Wheelbarrow |
| 11:56 | Research | Wheelbarrow |
| 12:10 | Queue | Archer |
| 12:12 | Queue | Villager (Male) |
| 12:19 | Queue | Villager (Male) |
| 12:35 | Queue | Villager (Male) |
| 12:42 | Queue | Archer |
| 12:43 | Queue | Archer |
| 12:43 | Queue | Villager (Male) |
| 12:44 | Queue | Villager (Male) |
| 13:11 | Queue | Archer |
| 13:13 | Queue | Villager (Male) |
| 13:16 | Build | House |
| 13:19 | Build | Blacksmith |
| 13:39 | Research | Horse Collar |
| 13:40 | Queue | Villager (Male) |
| 13:45 | Queue | Villager (Male) |
| 14:01 | Research | Fletching |
| 14:01 | Queue | Villager (Male) |
| 14:03 | Queue | Skirmisher |
| 14:10 | Queue | Villager (Male) |
| 14:26 | Queue | Archer |
| 14:26 | Queue | Archer |
| 14:39 | Build | House |
| 14:40 | Build | House |
| 14:40 | Build | House |
| 14:53 | Queue | Archer |
| 14:53 | Queue | Archer |
| 15:01 | Research | Town Watch |
| 15:16 | Queue | Villager (Male) |
| 15:37 | Queue | Skirmisher |
| 15:37 | Queue | Skirmisher |
| 15:40 | Research | Padded Archer Armor |
| 15:45 | Queue | Villager (Male) |
| 15:47 | Build | Farm |
| 15:49 | Build | Farm |
Build order — AOKI_Gryphon
87 actions detected in the replay
| 0:01 | Queue | Villager (Male) ×4 |
| 0:02 | Build | House |
| 0:04 | Build | House |
| 1:31 | Queue | Villager (Male) |
| 1:43 | Build | Lumber Camp |
| 1:46 | Queue | Villager (Male) |
| 2:17 | Queue | Villager (Male) |
| 2:42 | Queue | Villager (Male) |
| 3:10 | Queue | Villager (Male) |
| 3:12 | Queue | Villager (Male) |
| 3:26 | Build | House |
| 3:43 | Build | House |
| 3:50 | Queue | Villager (Male) |
| 4:06 | Queue | Villager (Male) |
| 4:12 | Build | Mill |
| 4:26 | Queue | Villager (Male) |
| 4:50 | Queue | Villager (Male) |
| 4:54 | Queue | Villager (Male) |
| 5:46 | Research | Loom |
| 5:51 | Queue | Villager (Male) |
| 5:55 | Research | Loom |
| 6:46 | Build | Barracks |
| 6:57 | Research | Feudal Age |
| 7:39 | Build | Mining Camp |
| 7:46 | Queue | Militia |
| 7:47 | Queue | Militia |
| 7:51 | Build | House |
| 8:23 | Queue | Villager (Male) |
| 8:29 | Build | Palisade Wall |
| 8:31 | Build | Palisade Wall |
| 8:33 | Queue | Villager (Male) |
| 8:55 | Queue | Villager (Male) |
| 9:16 | Age | Feudal Age |
| 9:28 | Build | Archery Range |
| 9:30 | Research | Double-Bit Axe |
| 9:55 | Build | House |
| 10:10 | Queue | Archer |
| 10:23 | Queue | Villager (Male) |
| 10:31 | Build | Archery Range |
| 10:42 | Queue | Archer |
| 10:43 | Queue | Villager (Male) |
| 11:07 | Queue | Villager (Male) |
| 11:15 | Queue | Archer |
| 11:16 | Queue | Villager (Male) |
| 11:26 | Build | Blacksmith |
| 11:39 | Build | Palisade Gate |
| 11:40 | Build | Palisade Wall |
| 11:42 | Queue | Villager (Male) |
| 11:44 | Queue | Archer |
| 11:47 | Queue | Skirmisher |
| 12:11 | Build | House |
| 12:12 | Build | House |
| 12:19 | Queue | Villager (Male) |
| 12:21 | Queue | Archer |
| 12:25 | Build | House |
| 12:41 | Queue | Skirmisher |
| 12:41 | Queue | Skirmisher |
| 12:47 | Queue | Villager (Male) |
| 13:02 | Research | Fletching |
| 13:13 | Build | Farm |
| 13:15 | Build | Farm |
| 13:18 | Queue | Villager (Male) |
| 13:29 | Queue | Archer |
| 13:33 | Queue | Archer |
| 13:36 | Build | Watch Tower |
| 13:47 | Queue | Archer |
| 13:48 | Queue | Villager (Male) |
| 13:51 | Build | Farm |
| 14:04 | Queue | Skirmisher |
| 14:05 | Queue | Villager (Male) |
| 14:11 | Build | Farm |
| 14:18 | Build | House |
| 14:27 | Queue | Villager (Male) |
| 14:32 | Queue | Archer |
| 14:37 | Build | Farm |
| 14:46 | Queue | Villager (Male) |
| 14:50 | Queue | Archer |
| 15:02 | Build | Farm |
| 15:04 | Queue | Archer |
| 15:06 | Queue | Villager (Male) |
| 15:23 | Queue | Skirmisher |
| 15:23 | Queue | Skirmisher |
| 15:24 | Queue | Villager (Male) |
| 15:39 | Queue | Skirmisher |
| 15:45 | Queue | Archer |
| 15:49 | Queue | Archer |
| 15:52 | Queue | Villager (Male) |
Match timeline
| 4:01 | The nicest husband · wall_segment Palisade Wall x1 |
| 4:35 | The nicest husband · first_building Barracks |
| 6:46 | AOKI_Gryphon · first_building Barracks |
| 8:29 | AOKI_Gryphon · wall_segment Palisade Wall x1 |
| 8:31 | AOKI_Gryphon · wall_segment Palisade Wall x1 |
| 9:16 | AOKI_Gryphon · age_up feudal |
| 9:28 | AOKI_Gryphon · first_building Archery Range |
| 10:38 | The nicest husband · age_up feudal |
| 10:42 | The nicest husband · first_building Archery Range |
| 11:40 | AOKI_Gryphon · wall_segment Palisade Wall x1 |
| 16:10 | The nicest husband · resign |
[ AI ANALYSIS · 1 CREDIT ]
What really happened in this match?
Wolo.gg analyzes every decision: build order, eco, micro, common mistakes by bracket. Personalized analysis on WhatsApp or Discord in 30 seconds.
Civ guide
Goths
Perfil
Jugador #262424